[Event "26th Womens ECCC 2022"]
[Site "Mayrhofen"]
[Date "2022.10.09"]
[Round "7.3"]
[White "Antolak, Julia"]
[Black "Osmak, Yuliia"]
[Result "0-1"]
[ECO "C70"]
[WhiteElo "2315"]
[BlackElo "2428"]
[Annotator "TA"]
[PlyCount "106"]
[EventDate "2022.10.03"]
[EventType "team-tourn"]
[EventCountry "AUT"]
[SourceTitle "playchess.com"]
[Source "ChessBase"]
[SourceQuality "1"]
[TimeControl "40/5400+30:1800+30"]

1. e4 e5 2. Nf3 Nc6 3. Bb5 a6 4. Ba4 Bc5 5. c3 Nge7 6. d4 {[%emt 0:01:14] C70: Ruy Lopez: 3...a6 4 Ba4, Norwegian and Delayed Schliemann.} exd4 7. cxd4 Bb4+ 8. Nc3 {[%emt 0:01:01] White is slightly better.} d5 9. exd5 Qxd5 10. O-O Bxc3 11. bxc3 {[%emt 0:00:06] [#] Bb3 is the strong threat.} Bg4 $1 12. Bf4 (12. Bxc6+ $14 Qxc6 13. Re1 Bxf3 14. gxf3 (14. Qxf3 Qxf3 15. gxf3 Kd7 $11)) 12... O-O-O $11 {[%emt 0:04:09] [#]} 13. Qd3 $146 ({Predecessor:} 13. Bg3 Na5 14. Qc1 Bxf3 15. Qf4 Qc4 16. gxf3 Nd5 17. Qf5+ Kb8 18. Bc2 Nxc3 19. Bd3 {1-0 (33) Kermeen,R-Sifton,I England 1967}) 13... Ng6 ({Black should try} 13... Bxf3 $15 14. gxf3 Ne5 15. Bxe5 Qxe5) 14. Bg3 $1 $14 Bxf3 15. Qxf3 (15. gxf3 $14 Nge7 16. Rfe1) 15... Qxf3 $11 16. gxf3 h5 17. h3 (17. h4 $11) 17... Nce7 $15 18. Rfe1 Nd5 19. Bb3 h4 20. Bh2 Rh5 21. Kf1 Rf5 22. Bxd5 (22. c4 $11 Ndf4 23. Bc2) 22... Rdxd5 $17 23. Re3 Ra5 24. Kg2 Ra3 25. c4 Ra4 26. Rc1 Rxa2 27. d5 Kd7 (27... Rb2 $19 28. Re8+ Kd7) 28. Rb3 Kc8 {[%emt 0:02:31] Black is more active.} (28... Ne5 $17 29. c5 Rd2 30. c6+ bxc6 31. dxc6+ Ke6) 29. Re3 $1 $19 {[%emt 0:00:04] Black continues to play with concentration.} Rb2 30. c5 Rg5+ 31. Kf1 Rxd5 {[%emt 0:00:07] Threatens to win with ...Rdd2.} 32. c6 bxc6 33. Rxc6 Rb1+ 34. Ke2 Rd7 {[%emt 0:01:06] Strongly threatening ...Rh1.} 35. Rec3 Re7+ 36. Kd3 {[%emt 0:00:20][%cal Rc6c7] [#]} Rd1+ $1 37. Kc2 Rdd7 38. Bd6 (38. R6c4 $17 {was worth a try.}) 38... Ne5 ({Weaker is} 38... Rxd6 39. Rxd6 Nf4 40. Rxa6 $11) ({And not} 38... Re2+ 39. Kc1 $17) 39. Bxe5 Rxe5 40. Rxa6 {[%emt 0:00:05][%mdl 4096] Endgame KRR-KRR} Re2+ 41. Kb3 Rxf2 42. Ra8+ Kb7 43. Ra4 g5 44. Rg4 (44. Rb4+ $142 Kc8 45. Rbc4) 44... f6 45. Rb4+ Kc8 46. Rb5 $2 (46. Re4) 46... Kd8 47. Rb8+ Ke7 48. Rc8 Ke6 49. Rf8 Rd6 50. Rc8 c6 51. R8xc6 Rxc6 52. Rxc6+ Kf5 53. Rc3 Ke5 {Weighted Error Value: White=0.38/Black=0.13 (very precise)} (53... Kf4 $142 54. Rc6 Rxf3+ 55. Kc2 Rxh3 56. Rxf6+ Kg3) 0-1

[Event "26th Womens ECCC 2022"]
[Site "Mayrhofen"]
[Date "2022.10.09"]
[Round "7.4"]
[White "Maltsevskaya, Aleksandra"]
[Black "Cyfka, Karina"]
[Result "*"]
[WhiteElo "2389"]
[BlackElo "2347"]
[Annotator "TA"]
[PlyCount "85"]
[EventDate "2022.10.03"]
[EventType "team-tourn"]
[EventCountry "AUT"]
[SourceTitle "playchess.com"]
[Source "ChessBase"]
[SourceQuality "1"]
[TimeControl "40/5400+30:1800+30"]

1. e4 e5 2. Nc3 Nf6 3. Bc4 Nc6 4. d3 Na5 5. Bb3 Nxb3 6. axb3 Bc5 {[%emt 0:09:19] C28: Vienna Game: 2...Nf6 3 Bc4 Nc6.} 7. f4 d6 {[%emt 0:01:43] [#] Threatens to win with ...Ng4.} 8. f5 (8. h3 {feels stronger.}) 8... a6 9. Bg5 c6 {[%emt 0:07:02] [#] Inhibits Nd5.} 10. Nge2 $146 ({Predecessor:} 10. Qf3 b5 11. Nge2 Bb7 12. Ng3 d5 13. Nh5 Rg8 14. Ne2 Be7 15. Bxf6 Bxf6 16. O-O {½-½ (55) Hutchinson,P (2228)-Schenk Papke,A (2057) Calvia 2009}) 10... h6 11. Bh4 g5 12. fxg6 fxg6 13. d4 Bb6 14. Qd3 g5 15. Bg3 Qe7 16. O-O-O Bg4 17. h3 {[%emt 0:04:09] [#] And now dxe5 would win.} Bxe2 18. Nxe2 O-O-O 19. dxe5 dxe5 20. Qf3 Rhf8 21. Rxd8+ Bxd8 22. Rd1 Bc7 23. Bh2 Kb8 24. Ng3 Qb4 (24... h5 $5 ) 25. Bg1 b6 26. Qe3 a5 (26... h5 $5 ) 27. Bf2 a4 28. Be1 (28. Rd3 $5 ) 28... Qb5 29. bxa4 Qxa4 {[%emt 0:00:07] aiming for ...Qa1+.} 30. Kb1 {[%emt 0:00:04] Inhibits Qa1+.} Kb7 31. b3 Qa3 32. Bc3 (32. Qc1 Qxc1+ 33. Kxc1 h5 $17) 32... b5 33. Nf5 (33. Bb2 $5 Qb4 34. Rf1 $14) 33... h5 {[%emt 0:04:47] The position is equal.} 34. Ng7 {[%emt 0:03:23] Black must now prevent Ne6.} Qe7 {[%emt 0:01:17] Prevents Ne6.} (34... Ra8 35. Ne6 Bb6 36. Qf3 (36. Qxg5 Qa2+ 37. Kc1 Rg8 $11) 36... Qa2+ 37. Kc1 Qa3+ 38. Kb1 (38. Bb2 Qe7 $14) 38... Qa2+ 39. Kc1 Qa3+ 40. Bb2 $14) 35. Nf5 (35. Qxg5 Rg8 36. Nf5 Rxg5 $17) 35... Qa3 36. g4 hxg4 ({Don't take} 36... Ra8 37. gxh5 Qa7 38. Nd6+ (38. Qxa7+ Kxa7 39. h6 Rh8 $18) 38... Bxd6 39. Qxa7+ Kxa7 40. Rxd6 Nxh5 41. Rxc6 $16 (41. Bxe5 Re8 $16)) 37. hxg4 Qa7 38. Qe2 Qc5 39. Qe1 {[%emt 0:04:08] Strongly threatening Bb4.} Ra8 (39... Nxe4 $2 40. Bb4 Rd8 41. Rxd8 Nc3+ 42. Bxc3 $18) 40. Bb4 Qa7 41. Bc3 {[%emt 0:30:04] Inhibits Qa1+.} Qc5 42. Bb4 Qa7 43. Bc3 $1 {[%emt 0:00:00] Against Qa1+.  Weighted Error Value: White=0.09 (flawless) /Black=0.08 (flawless)} *

[Event "26th Womens ECCC 2022"]
[Site "Mayrhofen"]
[Date "2022.10.09"]
[Round "7.5"]
[White "Muzychuk, Anna"]
[Black "Buksa, Nataliya"]
[Result "0-1"]
[ECO "B30"]
[WhiteElo "2534"]
[BlackElo "2413"]
[Annotator "TA"]
[PlyCount "76"]
[EventDate "2022.10.03"]
[EventType "team-tourn"]
[EventCountry "AUT"]
[SourceTitle "playchess.com"]
[Source "ChessBase"]
[SourceQuality "1"]
[TimeControl "40/5400+30:1800+30"]

1. e4 c5 2. Nf3 Nc6 3. Nc3 e5 4. Bc4 Be7 5. d3 d6 6. Nd2 Bg5 7. h4 Bh6 8. Qh5 {[%emt 0:00:49][%csl Gc4][%cal Rh5f7] B30: Sicilian: 2...Nc6 3 Bb5, lines without ...g6.} g6 9. Qd1 Nf6 {[%emt 0:08:03] Against h5} 10. Nf1 {[%emt 0:10:06] White is slightly better.} Bxc1 11. Qxc1 h6 12. Ne3 {[%emt 0:03:40] [#]} Nd4 $146 ({Predecessor:} 12... Be6 13. Qd2 Qd7 14. Ned5 Bxd5 15. exd5 Nd4 16. Ne4 Nxe4 17. dxe4 Qg4 18. f3 Qg3+ {1-0 (37) Pachow,J (2383)-Dimitrijeski,B (2197) Germany 2004}) 13. Ncd5 Nxd5 14. Bxd5 Ne6 15. Bb3 ({White should play} 15. Qd2 $16) 15... Nc7 16. Qd2 Qe7 17. g3 Be6 18. Bxe6 Qxe6 19. h5 b6 20. c4 Qd7 21. b4 Qd8 22. bxc5 dxc5 23. hxg6 fxg6 24. Ng4 h5 ({Better is} 24... Qd6 $14) 25. Rd1 (25. Qb2 $16) 25... Ne6 $1 $11 26. Nxe5 Qf6 27. f4 g5 28. Qc2 {[%emt 0:05:30] Black must now prevent Qa4+.} O-O-O 29. Qa4 {[%emt 0:01:37] [#]} (29. Nc6 $17 gxf4 30. e5 (30. Nxd8 Rxd8 31. e5 Qf5 $17)) 29... Rh7 $1 $19 30. Nc6 $2 {[%emt 0:09:11] Loses the game.} (30. Qa6+ $17 Rb7 31. Nc6 (31. Rxh5 $2 gxf4 32. Rf5 Qh8 $19) 31... gxf4 32. Nxd8 Nxd8 33. gxf4 (33. Rxh5 $2 Qd4 $19)) 30... Qc3+ 31. Ke2 (31. Rd2 $142 Rxd3 32. Qc2 Qxc2 33. Rxc2 Rxg3 34. f5) 31... gxf4 32. Qa6+ {[%emt 0:03:13] [#]} Kc7 $1 {[%emt 0:01:02] aiming for ...Qc2+.} 33. Nxd8 Nd4+ {[%emt 0:01:47] Black mates.} 34. Kf1 Kxd8 35. Rh2 fxg3 36. Rg2 Rf7+ 37. Kg1 Nf3+ 38. Kh1 Qf6 {[%emt 0:00:03] Weighted Error Value: White=0.70/Black=0.07 (flawless)} 0-1

[Event "26th Womens ECCC 2022"]
[Site "Mayrhofen"]
[Date "2022.10.09"]
[Round "7.6"]
[White "Gaponenko, Inna"]
[Black "Stefanova, Antoaneta"]
[Result "0-1"]
[ECO "B13"]
[WhiteElo "2348"]
[BlackElo "2440"]
[Annotator "TA"]
[PlyCount "104"]
[EventDate "2022.10.03"]
[EventType "team-tourn"]
[EventCountry "AUT"]
[SourceTitle "playchess.com"]
[Source "ChessBase"]
[SourceQuality "1"]
[TimeControl "40/5400+30:1800+30"]

1. e4 c6 2. d4 d5 3. exd5 cxd5 4. Bd3 Nc6 5. c3 Qc7 6. h3 g6 7. Nf3 {[%emt 0:04:58] B13: Caro-Kann: Exchange Variation and Panov-Botvinnik Attack.} Bf5 8. Be2 {[%emt 0:00:07] The modern move.} Rd8 9. O-O {[%emt 0:03:25] The position is equal.} Bg7 10. Be3 Nf6 11. Nbd2 O-O 12. Re1 h6 {[%emt 0:02:36] [#]} (12... Ne4 {keeps more tension.} 13. Bb5 a6 14. Ba4 Na5) 13. Nh4 $146 ({Predecessor:} 13. Rc1 g5 14. b4 a6 15. a4 e6 16. b5 axb5 17. axb5 Ne7 18. Ne5 Ne4 19. Nxe4 dxe4 {0-1 (38) Blomqvist,E (2542)-Piorun,K (2634) Terme Catez 2021}) 13... Bc8 14. Bd3 e5 15. dxe5 Nxe5 16. Bf4 Rfe8 17. Nhf3 Nfd7 18. Bb5 {[%emt 0:09:24] White wants to play Nxe5.} Nxf3+ 19. Qxf3 Qc5 20. Bxd7 Bxd7 21. Nb3 Qb5 22. Bc7 Rc8 23. Rxe8+ Rxe8 24. Rd1 Bc6 25. Qd3 {[%emt 0:00:19] [#] Against d4} (25. Qf4 $1 $15) 25... Re1+ $3 26. Kh2 Rxd1 ({Black should try} 26... Qxd3 $17 27. Rxd3 Re2) 27. Qxd1 $15 Qa4 (27... d4 $5) 28. Qb1 Bb5 29. Bb8 Bc4 30. Qe1 d4 (30... Qxa2 $2 31. Qe8+ Kh7 32. Qxf7 $18) 31. Nxd4 {[%emt 0:00:57] Threatens to win with b3.} Qxa2 32. Qd2 a5 33. Nf3 Bd5 34. Ne5 a4 35. Qd4 Be6 36. Qb4 Qd5 37. Ng4 (37. Nf3 $11 {remains equal.}) 37... b5 38. Ne3 {[%emt 0:00:44] [#]} ({Better is} 38. Qd6 $15) 38... Qc6 $2 (38... Qd3 $1 $19 {[%cal Rd3e2] White must now prevent ...Qe2.} 39. Bg3 Qe2) 39. Qd6 Qb7 40. Qd8+ Kh7 41. Bd6 ({White must play} 41. Nc2 $1 $15) 41... Qe4 $17 {[%emt 0:04:58] aiming for ...Qb1.} 42. Qa5 $2 (42. Qb8 $17) 42... Qd3 $19 43. Qb4 Qe2 44. Kg3 h5 45. h4 Bb3 46. Qa3 Kg8 47. Bf4 Bf8 48. Qa1 b4 49. cxb4 Bxb4 {[%emt 0:02:10] Hoping for ...Be1.} 50. Qc1 Be1 {[%emt 0:00:31] A strong pair of Bishops.} 51. Qc8+ $2 (51. Kh2 Qxf2 52. Qc7) 51... Kh7 52. Be5 Qxe3+ $1 {[%emt 0:00:09] Weighted Error Value: White=0.45/Black=0.13 (very precise)} 0-1

[Event "26th Womens ECCC 2022"]
[Site "Mayrhofen"]
[Date "2022.10.09"]
[Round "7.7"]
[White "Cramling, Pia"]
[Black "Doluhanova, Evgeniya"]
[Result "1/2-1/2"]
[ECO "E17"]
[WhiteElo "2459"]
[BlackElo "2264"]
[Annotator "TA"]
[PlyCount "199"]
[EventDate "2022.10.03"]
[EventType "team-tourn"]
[EventCountry "AUT"]
[SourceTitle "playchess.com"]
[Source "ChessBase"]
[SourceQuality "1"]
[TimeControl "40/5400+30:1800+30"]

1. d4 Nf6 2. c4 e6 3. Nf3 b6 4. g3 Bb7 5. Bg2 Be7 6. O-O O-O 7. Re1 Ne4 {[%emt 0:00:32] E17: Queen's Indian: 4 g3 Bb7 5 Bg2 Be7.} 8. Nfd2 d5 9. cxd5 $1 {[%emt 0:16:01] The main line 9.cxd5 scores better than 9.Nxe4.} exd5 10. Nc3 Nxc3 11. bxc3 {[%emt 0:00:06] [#]} c5 $146 ({Predecessor:} 11... Nd7 12. c4 Nf6 13. Bb2 Qd7 14. Qc2 c5 15. dxc5 bxc5 16. Rab1 Rad8 17. Red1 Qc8 {1-0 (49) Guo,Q (2417)-Zhai,M (2355) Wuxi 2016}) 12. dxc5 Bxc5 13. Nb3 Na6 14. c4 Bb4 15. Rf1 Nc7 16. Bf4 Ne6 17. Be5 f6 18. Bb2 (18. Bxd5 $6 Bxd5 19. cxd5 (19. Qxd5 Qxd5 20. cxd5 fxe5 $11) 19... fxe5 $14) (18. cxd5 $6 fxe5 19. dxe6 Bxg2 20. Kxg2 Qf6 $14) 18... Nc7 19. Rc1 $1 a5 20. Qc2 (20. cxd5 $18 Nb5 21. a4) 20... Rf7 (20... Qe7 $16 {might work better.} 21. cxd5 Nxd5) 21. Rfd1 $1 $18 a4 (21... Ne8 {keeps fighting.} 22. cxd5 (22. Bxd5 Bxd5 23. cxd5 Rc7 $16) 22... Rc8) 22. Nd4 Qe8 23. Nf5 Rd8 24. Bd4 Ba5 25. Rb1 Ba6 $2 (25... Bc8 {is a better defense.}) 26. Bxb6 Bxb6 27. Rxb6 Rfd7 28. cxd5 Qxe2 29. Qxe2 Bxe2 30. Rd2 Bc4 (30... Nxd5 $2 31. Rxd5 Rxd5 32. Bxd5+ Kf8 33. Ne3 $18) 31. d6 Na8 32. Rb4 Be6 33. Ne3 ({Less strong is} 33. Rxa4 Nb6 34. Ne7+ Kf7 $16) 33... Kf7 34. a3 Ra7 35. Bc6 Ra6 36. Bb7 ({Much less strong is} 36. Bxa4 $6 Nb6 $18) 36... Rb6 37. Rxb6 (37. Rdd4 $18 {is the precise move to win.}) 37... Nxb6 $16 38. Rd4 Bb3 39. Bc6 Ke6 40. Rb4 Nd7 41. Bxa4 {[%emt 0:30:45] White has more active pieces.} Bxa4 42. Rxa4 {[%emt 0:00:00][%mdl 4096] Endgame KRN-KRN} g5 43. Re4+ Kxd6 44. Nf5+ Kd5 45. Rd4+ Kc6 (45... Ke6 $16 {was called for.}) 46. Ne7+ $18 Kc7 47. Nd5+ Kc8 48. Rc4+ Kb8 49. Kg2 h5 50. Rb4+ Ka7 51. h3 Rc8 52. Rd4 Rh8 53. Ne7 Ne5 54. f4 gxf4 55. gxf4 Nf7 56. Rd7+ Kb6 57. Nf5 Nd8 (57... Rf8 $142 58. Kf3 Kc6) 58. Rd6+ Kc5 59. Rxf6 Nc6 60. Rh6 Ra8 61. Rxh5 {[%emt 0:00:12] And now Ne7+ would win.} Rxa3 (61... Nd8 $142 62. Rh8 Kc6) 62. Ne7+ (62. Ne3+ $142 Kd4 63. Nc2+ Ke4 64. Nxa3 Kxf4 65. Nc4) 62... Kd6 63. Nxc6 Kxc6 {[%emt 0:00:02] KR-KR} 64. Re5 Kd6 65. h4 Rb3 66. h5 Ra3 67. h6 Ra7 68. Rh5 Rh7 69. Kf3 Ke6 70. Kg4 Kf7 71. Kg5 Kg8 72. Rh1 $2 (72. f5 Ra7 73. Kg6 Rg7+ 74. Kf6 Rf7+ 75. Kg5 Kh7 76. Rh4 Ra7 77. Rf4) 72... Rf7 $2 (72... Rb7 $18 73. f5 Rb2) 73. Re1 Kh7 74. f5 Ra7 75. Re5 Ra1 76. Re7+ Kg8 77. Kg6 $2 (77. f6 Rg1+ 78. Kf5 Rh1 79. h7+ Kf8 80. Rb7 Rf1+ 81. Kg4 Rg1+ 82. Kf3) 77... Rg1+ 78. Kf6 {[%emt 0:00:04] White wants to mate with Rg7+.} Rf1 $2 (78... Ra1 79. Rb7 Ra2 80. Rg7+ Kh8) 79. Rg7+ (79. Re8+ $142 Kh7 80. Ke6 Re1+ 81. Kf7) 79... Kh8 80. Rd7 {[%emt 0:00:28] Kg6 would kill now.} Kg8 81. Rc7 $2 (81. Rd8+ Kh7 82. Ke6 Kxh6 83. f6) 81... Rf2 $2 (81... Rb1 $18 82. Rg7+ Kh8) 82. Rd7 (82. Rg7+ $142 Kh8 83. Re7 Kg8 84. h7+ Kh8 85. Kg6 Rg2+ 86. Kf7 Rf2 87. Re8+ Kxh7 88. f6) 82... Rf1 $1 83. Rd8+ Kh7 84. Ke6 {[%emt 0:00:41] Intending f6 and mate.} Ra1 {[%emt 0:02:36] [#]} 85. f6 $1 Ra6+ 86. Rd6 Ra8 {[%emt 0:00:35] [#]} 87. Rd2 $2 (87. f7 $1 {mates} Kxh6 88. Kf6 Rc8 89. Rd3 Kh5 90. Ke7 Kg5 91. Rd8 Rc7+ 92. Ke8) 87... Kxh6 $11 {[%emt 0:00:30] The position is equal.} 88. Ke7 {[%emt 0:00:31] White threatens f7 and mate.} Ra7+ 89. Rd7 Ra8 90. Kf7 Ra6 91. Rc7 Kg5 92. Rc5+ Kh6 93. Re5 Ra7+ 94. Re7 Ra6 95. Re6 Ra8 96. Ke7 Kg6 97. f7+ Kg7 98. Re2 Ra7+ 99. Ke8 Ra8+ 100. Ke7 {[%emt 0:00:03] Blacks defense is rewarded with a draw.  Weighted Error Value: White=0.15 (very precise) /Black=0.26 (precise)} 1/2-1/2

[Event "26th Womens ECCC 2022"]
[Site "Mayrhofen"]
[Date "2022.10.09"]
[Round "7.8"]
[White "Tarleva, Diana"]
[Black "Paehtz, Elisabeth"]
[Result "0-1"]
[ECO "B90"]
[WhiteElo "2175"]
[BlackElo "2469"]
[Annotator "TA"]
[PlyCount "102"]
[EventDate "2022.10.03"]
[EventType "team-tourn"]
[EventCountry "AUT"]
[SourceTitle "playchess.com"]
[Source "ChessBase"]
[SourceQuality "1"]
[TimeControl "40/5400+30:1800+30"]

1. e4 c5 2. Nf3 d6 3. d4 cxd4 4. Nxd4 Nf6 5. Nc3 a6 6. h3 e5 7. Nb3 Be7 {[%emt 0:01:32] B90: Sicilian Najdorf: Unusual White 6th moves, 6 Be3 Ng4 and 6 Be3 e5.} 8. Be3 {[%emt 0:08:51] 8.g4 might become the main line.} Be6 9. Nd5 Nxd5 {[%emt 0:02:56] The position is equal.} 10. exd5 Bf5 11. Bd3 {[%emt 0:02:22] [#]} Bg6 $146 ({Predecessor:} 11... Bxd3 12. Qxd3 O-O 13. O-O-O Nd7 14. Kb1 b5 15. Qd2 a5 16. Qe2 Qb8 17. h4 a4 {0-1 (47) Garcia,G-Estrada Degrandi,W Havana 1963}) 12. Bxg6 hxg6 13. Qd3 Nd7 14. O-O-O Rc8 15. f4 Qc7 16. f5 (16. Kb1 $11) 16... gxf5 $15 17. Qxf5 Nf6 18. Bb6 g6 $19 19. Bxc7 gxf5 20. Bb6 f4 21. Na5 Rg8 22. Rhg1 Ne4 ({Not} 22... Nd7 23. Bf2) 23. Rd3 Bg5 24. Kb1 (24. Rb3 $142) 24... f5 25. c4 Bh4 26. Nxb7 (26. a4 $142) 26... Rxc4 27. a3 Rc8 28. Na5 Rb8 29. Nc4 {[%emt 0:03:15] [#]} Rxb6 30. Nxb6 f3 31. g4 fxg4 32. hxg4 Bf2 33. Rgd1 Bxb6 34. Rxf3 Rxg4 35. Rb3 Bd4 36. Rb7 Nc5 37. Rb8+ Kd7 {[%emt 0:07:36] ...Ke7 is the strong threat.} 38. Rh1 {[%emt 0:00:22] Rh7+ would kill now.} Rg1+ $1 39. Rxg1 Bxg1 40. b4 $2 (40. Kc2 $17) 40... Na4 41. Rb7+ {[%emt 0:33:03] [#]} Kc8 ({Black should play} 41... Kd8 $1 $19 {Hoping for ...Nc3+.} 42. Rg7 Bh2) 42. Rg7 $17 Bd4 43. Rg8+ Kd7 44. Rg7+ Ke8 {[%emt 0:00:00] Threatens to win with ...Nc3+.} 45. Rg8+ $2 (45. Rg6 $17 {was the crucial defense.}) 45... Kf7 $19 46. Ra8 e4 47. Rxa6 $2 {[%emt 0:00:00] [#]} (47. Kc2 e3 48. Rc8 (48. Kd3 $2 Nc3 $19)) 47... e3 $1 48. Kc2 {[%emt 0:00:00] [#]} (48. Kc1 e2) 48... e2 $1 49. Kd2 Nc3 {[%emt 0:00:00][%cal Od4f2] ( -> ...Bf2!)} 50. Ke1 {[%emt 0:00:00] Against Bf2+} Be5 51. Ra7+ Kf6 {[%emt 0:00:00] Weighted Error Value: White=0.63/Black=0.12 (very precise)} 0-1

[Event "26th Womens ECCC 2022"]
[Site "Mayrhofen"]
[Date "2022.10.09"]
[Round "7.9"]
[White "Sukandar, Irine Kharisma"]
[Black "Bulmaga, Irina"]
[Result "1/2-1/2"]
[ECO "D37"]
[WhiteElo "2401"]
[BlackElo "2417"]
[Annotator "TA"]
[PlyCount "33"]
[EventDate "2022.10.03"]
[EventType "team-tourn"]
[EventCountry "AUT"]
[SourceTitle "playchess.com"]
[Source "ChessBase"]
[SourceQuality "1"]
[TimeControl "40/5400+30:1800+30"]

1. d4 Nf6 2. c4 e6 3. Nf3 d5 4. Nc3 Be7 5. Bf4 O-O 6. e3 Nbd7 7. c5 {[%emt 0:02:00] D37: Queen's Gambit Declined: 5 Bf4.} Ne4 8. Nxe4 dxe4 9. Ne5 Nxe5 10. Bxe5 Bd7 11. Bc4 Bc6 12. O-O Bf6 13. Bg3 Bh4 {[%emt 0:01:07] [#]} 14. Be5 $146 ({Predecessor:} 14. b4 Bxg3 15. fxg3 b5 16. cxb6 axb6 17. Qb3 Ba4 18. Qc3 Qd6 19. Rf4 Bc6 20. Raf1 Bd5 21. Bxd5 exd5 22. a3 c6 23. R4f2 b5 {½-½ (57) Hammer,J (2628)-Caruana,F (2827) Chess.com INT 2017}) 14... Bf6 15. Bg3 Bh4 16. Be5 Bf6 17. Bg3 {[%emt 0:00:06] A rather calm draw.  Weighted Error Value: White=0.13 (very precise) /Black=0.03 (flawless)} 1/2-1/2

[Event "26th Womens ECCC 2022"]
[Site "Mayrhofen"]
[Date "2022.10.09"]
[Round "7.10"]
[White "Saduakassova, Dinara"]
[Black "Arakhamia-Grant, Ketevan"]
[Result "1/2-1/2"]
[ECO "A10"]
[WhiteElo "2434"]
[BlackElo "2333"]
[Annotator "TA"]
[PlyCount "89"]
[EventDate "2022.10.03"]
[EventType "team-tourn"]
[EventCountry "AUT"]
[SourceTitle "playchess.com"]
[Source "ChessBase"]
[SourceQuality "1"]
[TimeControl "40/5400+30:1800+30"]

1. c4 g6 2. d4 Bg7 3. Nf3 d6 4. Nc3 Nd7 5. g3 e5 6. Bg2 Ne7 7. O-O O-O 8. b3 (8. e3 $14) 8... exd4 $15 {[%emt 0:06:30] A41: 1 d4 d6: Tartakower System and Modern Defence.} 9. Nd5 Nxd5 10. cxd5 d3 $1 {[%emt 0:00:23] [#] Black is slightly better.} 11. Bg5 $146 ({Predecessor:} 11. Rb1 dxe2 12. Qxe2 Re8 13. Be3 Nf6 14. Qc4 Bf5 15. Rbc1 Be4 16. Rfd1 Qd7 17. Qxc7 Qxc7 18. Rxc7 Nxd5 {0-1 (54) Savran,S (1891)-Yilmazyerli,M (2312) Konya 2012}) 11... dxe2 (11... Qe8 $5 12. exd3 Bxa1 13. Qxa1 f6 $15) 12. Qxe2 Bf6 13. Qd2 Nc5 14. b4 Ne4 15. Bxf6 Nxf6 16. Rfc1 (16. Nd4 $11) 16... Re8 (16... Bf5 $1 $15) 17. Rc4 $11 Bg4 18. Rac1 Rc8 19. h3 Bxf3 20. Bxf3 Nd7 21. Bg2 a5 22. a3 axb4 23. axb4 Ne5 24. R4c3 h5 25. f4 Nd7 26. f5 Ne5 (26... gxf5 {seems wilder.} 27. Qh6 Re5 28. Qxh5 Nb6) 27. Rf1 (27. Qh6 $11) 27... Qf6 $1 $15 28. h4 {[%emt 0:03:32] Against g5} c5 (28... Ng4 $15 29. fxg6 Qxg6) 29. dxc6 $11 bxc6 30. Be4 $36 {[%emt 0:02:25][%mdl 2048] [#] Hoping for fxg6. White has good play.} Qe7 {[%emt 0:00:57] Strongly threatening ...d5.} 31. fxg6 fxg6 {[%emt 0:00:13] And now ...d5 would win.} 32. Qh6 (32. Bxc6 $1 $11 Nxc6 33. Rxc6) 32... Qg7 ({Black should try} 32... Qa7+ $15 33. Kh1 Rf8) 33. Qxg7+ $1 Kxg7 34. Rfc1 $1 {[%emt 0:00:06] The position is equal.} Rb8 {[%emt 0:01:24] [#] aiming for ...d5.} 35. Bxc6 Nxc6 36. Rxc6 Rxb4 37. Rxd6 {[%emt 0:00:25][%mdl 4096] Endgame KRR-KRR} Re2 38. Rd7+ Kh6 39. Rd3 Rbb2 40. Rf3 Rg2+ 41. Kf1 Rh2 42. Kg1 {[%emt 0:00:12] Against Rh1+} Rbg2+ 43. Kf1 Rb2 44. Kg1 {[%emt 0:00:00] Prevents Rh1+.} Rbg2+ 45. Kf1 {[%emt 0:00:00] Weighted Error Value: White=0.18 (very precise) /Black=0.15 (very precise)} 1/2-1/2